 Dungeon Crawl Stone Soup version 0.30-a0-726-gd89dcf765f (webtiles) character file.

Game seed: 14561401211569078504

345 HoaS the Shooter (level 6, 0/35 HPs)
             Began as a Gargoyle Hunter on Jan 29, 2023.
             Killed from afar by an orc wizard (8 damage)
             ... with a puff of flame
             ... on level 5 of the Dungeon.
             The game lasted 00:06:34 (3312 turns).

HoaS the Shooter (Gargoyle Hunter)                  Turns: 3312, Time: 00:06:34

Health: 0/35       AC:  8    Str: 15    XL:     6   Next: 58%
Magic:  6/6        EV: 12    Int:  9    God:
Gold:   139        SH:  5    Dex: 28    Spells: 5/5 levels left

rFire   . . .      SeeInvis .    a - +0 shortbow (heavy)
rCold   . . .      Faith    .    (shield currently unavailable)
rNeg    + . .      Spirit   .    c - +0 leather armour
rPois   ∞          Reflect  +    (no helmet)
rElec   +          Harm     .    (no cloak)
rCorr   .          Rampage  .    (no gloves)
Will    .....                    j - +0 pair of boots
Stlth   ++                       i - amulet of reflection
HPRegen 0.25/turn                g - +9 ring of dexterity
MPRegen 0.10/turn                l - +4 ring of dexterity

@: no status effects
A: sickness immunity, AC +4, negative energy resistance 1, electricity
resistance, torment resistance 1, petrification resistance
a: no special abilities


You were on level 5 of the Dungeon.
You visited 1 branch of the dungeon, and saw 5 of its levels.

You collected 1348 gold pieces.
You spent 1209 gold pieces at shops.

Inventory:

Hand Weapons
 a - a +0 heavy shortbow (weapon)
Armour
 c - a +0 leather armour (worn)
 j - a +0 pair of boots (worn)
Jewellery
 g - a +9 ring of dexterity (left hand)
 i - an amulet of reflection (around neck)
 l - a +4 ring of dexterity (right hand)
 s - a ring of resist corrosion
Wands
 h - a wand of polymorph (6)
 q - a wand of mindburst (9)
Scrolls
 b - a scroll of immolation
 d - a scroll of teleportation
 p - 2 scrolls of fog
Potions
 e - a potion of attraction
 f - 3 potions of flight {unknown}
 k - a potion of heal wounds {unknown}
 m - a potion of haste {unknown}
 n - 3 potions of might {unknown}
 o - a potion of invisibility {unknown}
 r - a potion of ambrosia {unknown}


   Skills:
 - Level 2.1 Fighting
 + Level 7.7 Ranged Weapons
 - Level 1.5 Dodging
 - Level 1.1 Stealth


You had 5 spell levels left.
You didn't know any spells.
Your spell library contained the following spells:

 Spells                   Type           Power      Damage    Failure   Level
 Blink                    Tloc           0%         N/A       58%         2
 Static Discharge         Conj/Air       0%         2-2/arc   58%         2
 Vhi's Electric Charge    Tloc/Air       0%         N/A       83%         3
 Manifold Assault         Tloc           0%         N/A       99%         4
 Arcjolt                  Conj/Air       0%         1d10      100%        5
 Lightning Bolt           Conj/Air       0%         1d11      100%        5
 Storm Form               Tmut/Air       0%         N/A       100%        7


Dungeon Overview and Level Annotations

Branches:
Dungeon (5/15)
 Temple: D:4-7

Altars:
Trog
Wu Jian

Shops:
D:2 =


Innate Abilities, Weirdness & Mutations

You are immune to sickness and miasma.
Your stone body is resilient. (AC +4)
You are immune to poison.
You resist negative energy. (rN+)
You are resistant to electric shocks. (rElec)
You are resistant to unholy torment.
You are immune to petrification.


Message History

You are confused.
The orc wizard gestures wildly while chanting.
The orc wizard flickers and vanishes!
Deactivating autopickup; reactivate with Ctrl-A.
You feel less confused.
You are confused.
You're too confused to move!
You're too confused to move!
An orc comes into view. It is wielding a +0 club.
You feel less confused.
You hear some strange, mumbled words.
A magic dart appears from out of thin air!
The magic dart hits you! Something hits you.
You hear some strange, mumbled words.
A puff of flame appears from out of thin air!
The puff of flame hits you.
A puff of flame appears from out of thin air!
The puff of flame hits you.
* * * LOW HITPOINT WARNING * * *
Something tries to affect you, but you resist.
You open the door.
There is an open door here.
A magic dart appears from out of thin air!
The magic dart hits you.
* * * LOW HITPOINT WARNING * * *
You are too injured to fight recklessly!
You are too injured to fight recklessly!
You are too injured to fight recklessly!
You are too injured to fight recklessly!
You are too injured to fight recklessly!
You hear some strange, mumbled words.
Something tries to affect you, but you resist.
There is an open door here.
You shoot an arrow. The arrow hits the orc!
You kill the orc!
You hear some strange, mumbled words.
A puff of flame appears from out of thin air!
The puff of flame hits you!
You die...

####.##### ##.....##
.........###.......##
#.###...#.##.........#
...........'.........+
#.###...#.##.........#
#.##...##.###>......## ...
#.........# ##.....## #.#
####.###### ##{).## #.# #.#
##@## ###.### #.# #.# ..<....
#.# #.# ###.### #.# #######.##
#.###.### #.#####...##...##
#........
#.........#.....##########.###
#######.............# #.#
#######.#####)######.# ###
#.....)..#


There were no monsters in sight!

Vanquished Creatures
  A necrophage (D:4)
  A hound (D:5)
  2 iguanas (D:4)
  7 gnolls
  4 adders
  A worm (D:2)
  2 dart slugs (D:2)
  5 orcs
  7 endoplasms
  3 giant cockroaches
  15 goblins
  5 hobgoblins
  8 kobolds
  5 quokkas
  6 ball pythons
  9 bats
  4 frilled lizards
  10 rats
95 creatures vanquished.

Notes
Turn   | Place    | Note
-------+----------+-------------------------------------------
     0 | D:1      | HoaS the Gargoyle Hunter began the quest for the Orb.
     0 | D:1      | Reached XP level 1. HP: 12/12 MP: 1/1
    58 | D:1      | Reached XP level 2. HP: 15/17 MP: 2/2
   282 | D:1      | Reached XP level 3. HP: 21/21 MP: 3/3
   325 | D:1      | Reached skill level 5 in Ranged Weapons
   858 | D:2      | Found Roteodad's One-of-a-Kind Rings.
   959 | D:2      | Reached XP level 4. HP: 26/26 MP: 4/4
   997 | D:2      | Identified a scroll of acquirement
   997 | D:2      | Acquired 1100 gold pieces
  1025 | D:2      | Bought a +9 ring of dexterity for 1014 gold pieces
  1071 | D:2      | Found a bloodstained altar of Trog.
  1690 | D:3      | Reached skill level 6 in Ranged Weapons
  1700 | D:3      | Found an ornate altar of the Wu Jian Council.
  2008 | D:3      | Reached XP level 5. HP: 30/30 MP: 5/5
  2333 | D:2      | Bought a +4 ring of dexterity for 195 gold pieces
  2566 | D:4      | Reached skill level 7 in Ranged Weapons
  2659 | D:4      | Reached XP level 6. HP: 35/35 MP: 6/6
  3083 | D:5      | Entered Level 5 of the Dungeon
  3312 | D:5      | Killed from afar by an orc wizard

Illustrated notes

Levels and vault maps discovered:
D:1:      ncdulo_smallfort, layout_basic
D:2:      layout_loops_ring, basic_altar, nicolae_shop_unique_rings
D:3:      layout_basic, nicolae_wu_jian_immortal_techniques,
          nicolae_elevator_lobby_plus
D:4:      layout_rooms, roderic_lattice_a
D:5:      layout_loops_corners, kennysheep_little_box, temple_doors_e

Skill      XL: |  1  2  3  4  5 |
---------------+----------------+-----
Ranged Weapons | 5 6 7 |  7.7
Fighting       | |  2.1
Dodging        | |  1.5
Stealth        | |  1.1

Action                     |  1- 3 |  4- 6 || total
---------------------------+-------+-------++-------
  Melee: Unarmed           |       |     5 ||     5
   Fire: Shortbow          |   104 |   130 ||   234
    Use: Scroll            |     3 |     4 ||     7
 Armour: Leather armour    |    18 |    23 ||    41
  Dodge: Dodged            |    28 |    45 ||    73
  Block: Other             |       |     6 ||     6

Table legend: (Time is in decaauts)
 A = Elapsed time spent in this place.
 B = Non-inter-level travel time spent in this place.
 C = Inter-level travel time spent in this place.
 D = Time resting spent in this place.
 E = Time spent auto-exploring this place.
 F = Levels seen in this place.
 G = Mean time per level.
                   A        B        C        D        E       F      G
               +--------+--------+--------+--------+--------+-----+--------+
         Total |   3393 |   3229 |    164 |    126 |   2521 |   5 |  678.6 |
       Dungeon |   3393 |   3229 |    164 |    126 |   2521 |   5 |  678.6 |
               +--------+--------+--------+--------+--------+-----+--------+

Top non-repeatable levels by time:
     D:3: 886 daAuts
     D:2: 771 daAuts
     D:1: 764 daAuts
     D:4: 722 daAuts
     D:5: 248 daAuts
